cohdb
Replays
Latest Replays
All Replays
Popular Replays
Top Player Replays
Match Explorer
How It Works
Community
CoH3 Stats
Reddit
Sign in to upload your games and track your stats! →
Sign in with Steam
Match 47397235
Unlisted
Match 47397235
Overview
Messages
Build Orders
End
Vickers Machine Gun Team
Selects Australian Defense Battlegroup
Selects Australian Light Infantry Section
Vickers Machine Gun Team
Royal Engineer Section
Royal Engineer Section
Construct Field Infirmary
Construct Section Command Post
Construct Platoon Command Post
Royal Engineer Section
Construct Company Command Post
Selects Defensive Tactics
Unlock M3 Grant Medium Tanks
Royal Engineer Section
Selects Vehicle Over Repair
6-pounder Anti-tank Gun Team
M3 Grant Medium Tank
Royal Engineer Section
Royal Engineer Section
Royal Engineer Section
Royal Engineer Section
Royal Engineer Section
Selects CMP 15cwt Supply Run
Selects Reinforced Resource Caches
M3 Grant Medium Tank
Armored Vehicle Training
Pepe87
iPlayThisNaked
corncobber5
Tharrats
Phan
kamacura
冲锋大哥
Green Sea Squash
0
0
Comments
sign in to comment!
No comments posted yet!